 Dungeon Crawl Stone Soup version 0.19.1 (webtiles) character file.

535 SgtRichardAverton the Poker (level 7, 0/55 HPs)
             Began as a Demonspawn Berserker on Dec 14, 2016.
             Was a Priest of Trog.
             Slain by an orc wizard
             ... wielding a +0 mace
              (2 damage)
             ... on level 4 of the Dungeon.
             The game lasted 00:23:23 (3141 turns).

SgtRichardAverton the Poker (Demonspawn Berserker)  Turns: 3141, Time: 00:23:24

Health: 0/55       AC:  8    Str: 20    XL:     7   Next: 4%
Magic:  0/7        EV: 11    Int:  8    God:    Trog [***...]
Gold:   119        SH:  0    Dex: 12    Spells: 0 memorised, 6 levels left

rFire  . . .     SeeInvis .     v - +0 trident
rCold  + . .     Gourm    .     g - +1 ring mail {rC+}
rNeg   . . .     Faith    .     (no shield)
rPois  .         Spirit   +     o - +0 helmet
rElec  .         Reflect  .     (no cloak)
rCorr  .         Harm     .     (no gloves)
MR     .....                    (no boots)
Stlth  +.........               (no amulet)
                                (no ring)
                                (no ring)

@: exhausted, slowed, very slow
A: claws 1, magic shield, magic regeneration
a: Berserk, Trog's Hand, Burn Spellbooks, Renounce Religion


You were on level 4 of the Dungeon.
You worshipped Trog.
Trog was most pleased with you.
You were very hungry.

You visited 1 branch of the dungeon, and saw 4 of its levels.

You collected 119 gold pieces.

Inventory:

Hand Weapons
 v - a +0 trident (weapon)
Armour
 g - a +1 ring mail of cold resistance (worn)
 o - a +0 helmet (worn)
Wands
 n - a wand of lightning (5/15)
Scrolls
 a - a scroll of recharging
 k - 3 scrolls of remove curse
 u - a scroll of identify {unknown}
Potions
 d - 2 potions of lignification {unknown}
 e - a potion of brilliance {unknown}
 f - a potion of might {unknown}
 h - a potion of resistance {unknown}
 m - 2 potions of curing {unknown}
 p - a potion of magic {unknown}
 r - a potion of flight {unknown}
 s - a potion of cancellation {unknown}
Comestibles
 b - 7 chunks of flesh
 c - 2 bread rations
 i - 2 meat rations
 j - 5 fruits
 l - a royal jelly
 q - 2 beef jerkies
 t - a slice of pizza


   Skills:
 + Level 4.6 Fighting
 + Level 5.3 Polearms
 + Level 4.0 Armour
 - Level 1.7 Dodging
 + Level 0.5 Unarmed Combat


You had 6 spell levels left.
You didn't know any spells.

Dungeon Overview and Level Annotations

Branches:
Dungeon (4/15)
 Temple: D:4-7

Altars:
Kikubaaqudgha


Innate Abilities, Weirdness & Mutations

You have sharp fingernails.
When hurt, damage is shared between your health and your magic reserves.
You regenerate magic rapidly.


Message History

The orc barely misses you.
You see here an adder corpse.
You barely miss the orc.
The orc priest looks satisfied for a moment.
You puncture the orc!
You kill the orc!
Trog accepts your kill.
An orc comes into view. It is wielding a hand axe.
Items here: ! " )) a dagger; a halberd; a dented soapstone amulet; an amethyst potion The orc wizard closely misses you.
The orc priest invokes the aid of Beogh against you.
Beogh smites you!
* * * LOW HITPOINT WARNING * * *
You hear a shout!
You see here an adder corpse.
The orc wizard closely misses you.
You hit the orc wizard but do no damage.
The orc wizard hits you with a mace.
You die...

###### .....#
####.# #
#.#############
#.............#
#.###########@#
#.# #o#### #.#
#oo..# #.#
#.##.# #.# o..
# #.# .#... ..#
o...... #..# ..
..#.## ...# ...
....#


You could see an orc priest, an orc wizard and 2 orcs.

Vanquished Creatures
  Sigmund (D:2)
  A howler monkey (D:4)
  A hound (D:4)
  A centaur skeleton (D:4)
  Ijyb (D:3)
  Robin (D:2)
  3 gnolls
  11 adders
  5 worms
  2 dart slugs (D:2)
  2 leopard geckos (D:2)
  5 orcs
  7 bats
  4 giant cockroaches
  11 goblins
  11 hobgoblins
  4 jackals (D:2)
  9 kobolds
  4 quokkas
  3 ball pythons
  6 frilled lizards
  15 rats
108 creatures vanquished.

Vanquished Creatures (others)
  A human (D:3)
1 creature vanquished.

Grand Total: 109 creatures vanquished

Notes
Turn   | Place    | Note
-------+----------+-------------------------------------------
     0 | D:1      | SgtRichardAverton the Demonspawn Berserker began the quest for the Orb.
     0 | D:1      | Reached XP level 1. HP: 18/18 MP: 1/1
   163 | D:1      | Reached skill level 3 in Polearms
   263 | D:1      | Gained mutation: When hurt, damage is shared between your health and your magic reserves. [demonic ancestry]
   263 | D:1      | Reached XP level 2. HP: 24/24 MP: 2/2
   871 | D:2      | HP: 1/36 [worm (8)]
  1008 | D:2      | Reached XP level 3. HP: 13/29 MP: 3/3
  1105 | D:2      | Reached ** piety under Trog
  1186 | D:2      | Noticed Sigmund
  1204 | D:2      | Killed Sigmund
  1204 | D:2      | Reached skill level 4 in Polearms
  1204 | D:2      | Gained mutation: You regenerate magic rapidly. [demonic ancestry]
  1204 | D:2      | Reached XP level 4. HP: 37/37 MP: 4/4
  1204 | D:2      | Reached XP level 5. HP: 42/42 MP: 5/5
  1671 | D:2      | Noticed Robin
  1685 | D:2      | Killed Robin
  1810 | D:3      | Gained mutation: You have sharp fingernails. [demonic ancestry]
  1810 | D:3      | Reached XP level 6. HP: 48/48 MP: 6/6
  1844 | D:3      | Reached *** piety under Trog
  2083 | D:3      | HP: 2/48 [gnoll/halberd (9)]
  2491 | D:3      | Noticed Ijyb
  2546 | D:3      | Killed Ijyb
  2577 | D:3      | Reached skill level 5 in Polearms
  2681 | D:3      | Found an ancient bone altar of Kikubaaqudgha.
  2682 | D:3      | Noticed a human
  2684 | D:3      | Killed a human
  3119 | D:4      | Reached XP level 7. HP: 22/55 MP: 5/7
  3139 | D:4      | HP: 2/55 [orc priest/divine providence (6)]
  3141 | D:4      | Slain by an orc wizard

Skill      XL: |  1  2  3  4  5  6  7 |
---------------+----------------------+-----
Polearms       | 3 4 5 |  5.3
Armour         | 2 3 4 |  4.0
Fighting       | 4 |  4.6
Dodging        | |  1.7
Unarmed Combat | |  0.5

Action                   |  1- 3 |  4- 6 |  7- 9 || total
-------------------------+-------+-------+-------++-------
Melee: Spear             |   132 |   294 |       ||   426
       Trident           |       |    46 |    16 ||    62
       Unarmed           |       |    46 |       ||    46
Invok: Berserk           |     3 |     5 |       ||     8
       Burn Spellbooks   |       |     1 |       ||     1
  Use: Scroll            |     3 |     3 |       ||     6
  Eat: Chunk             |     3 |    11 |       ||    14
Armor: Ring mail         |    60 |   110 |     6 ||   176
       Skin              |       |     4 |       ||     4
Dodge: Dodged            |    83 |   203 |    12 ||   298
